 Dungeon Crawl Stone Soup version 0.32-a0-19-g28bc0835a1 (webtiles) character file.

Game seed: 11491255814092148859

485 Revguard the Trooper (level 7, -1/91 HPs)
             Began as a Hill Orc Fighter on Jan 17, 2024.
             Succumbed to an orc wizard's poison
             ... on level 3 of the Dungeon.
             The game lasted 00:06:32 (2136 turns).

Revguard the Trooper (Hill Orc Fighter)             Turns: 2136, Time: 00:06:34

Health: -1/91      AC: 23    Str: 21    XL:     7   Next: 13%
Magic:  9/9        EV:  2    Int:  8    God:
Gold:   106        SH:  0    Dex: 10    Spells: 6/6 levels left

rFire   + . .        a - +0 war axe
rCold   + . .        c - +0 buckler
rNeg    . . .        o - melded +2 ring mail {rF+}
rPois   +            (helmet currently unavailable)
rElec   +            v - melded +0 cloak
rCorr   +            l - melded +2 pair of gloves {hurl}
SInv    .            (boots currently unavailable)
Will    .....        (no amulet)
Stlth   +            r - ring of resist corrosion
HPRegen 0.35/turn    (no ring)
MPRegen 0.11/turn

%: no passive effects
@: confused, lethally poisoned (-1 -> -16), tree-form, resistant, hasted, very
quick
A: stationary, stasis, torment immunity, boosted hp
a: no special abilities


You were on level 3 of the Dungeon.
You were a tree.
You visited 1 branch of the dungeon, and saw 3 of its levels.

You collected 155 gold pieces.
You spent 49 gold pieces at shops.

Inventory:

Hand Weapons
 a - a +0 war axe (weapon)
Armour
 c - a +0 buckler (worn)
 l - a +2 pair of gloves of hurling (melded)
 o - a +2 ring mail of fire resistance (melded)
 v - a +0 cloak (melded)
Jewellery
 r - a ring of resist corrosion (left branch)
Wands
 e - a wand of flame (16)
 s - a wand of quicksilver (10)
Scrolls
 f - a scroll of enchant armour {unknown}
 g - 2 scrolls of teleportation {unknown}
 h - 4 scrolls of identify {unknown}
 j - a scroll of immolation {unknown}
 m - a scroll of fear {unknown}
 n - a scroll of revelation {unknown}
 t - a scroll of acquirement {unknown}
Potions
 b - 2 potions of attraction
 d - a potion of might
 i - 3 potions of degeneration
 k - a potion of invisibility
 q - a potion of resistance


   Skills:
 * Level 5.5 Fighting
 + Level 4.3 Axes
 + Level 4.2 Armour
 + Level 1.6 Dodging
 * Level 4.8 Shields
 + Level 2.8 Invocations
 + Level 1.9 Evocations


You had 6 spell levels left.
You didn't know any spells.
Your spell library contained the following spells:

 Spells                   Type           Power      Damage    Failure   Level
 Apportation              Tloc           0%         N/A       45%         1
 Jinxbite                 Hex            0%         N/A       61%         2
 Inner Flame              Hex/Fire       0%         N/A       83%         3
 Ozocubu's Armour         Ice            0%         N/A       83%         3
 Alistair's Intoxication  Alch           0%         N/A       100%        5
 Irradiate                Conj/Alch      0%         3d11      100%        5
 Metabolic Englaciation   Hex/Ice        0%         N/A       100%        5
 Sculpt Simulacrum        Ice/Alch       0%         N/A       100%        6
 Ignition                 Fire           0%         3d3       100%        8


Dungeon Overview and Level Annotations

Branches:
Dungeon (3/15)

Altars:

Shops:
D:3 *


Message History

You are more poisoned.
Unknown command.
You feel very sick.
The gnoll hits you from afar with a +0 halberd.
The gnoll barely misses you.
You hear some strange, mumbled words.
A puff of flame appears from out of thin air!
The puff of flame hits you. You resist.
Things that are here:
a +2 whip of electrocution; a gnoll corpse You miss something.
You feel very sick.
The gnoll hits you from afar with a +0 halberd!
The gnoll closely misses you. Something hits you.
* * * LOW HITPOINT WARNING * * *
You are lethally poisoned!
The gnoll hits you but does no damage. Something hits you but does no damage.
The gnoll misses you.
It was a potion of resistance.
You feel protected.
* * * LOW HITPOINT WARNING * * *
You feel very sick. The gnoll misses you.
The gnoll hits you but does no damage.
You hear some strange, mumbled words.
You are more confused.
It was a potion of haste.
You feel yourself speed up.
* * * LOW HITPOINT WARNING * * *
You feel very sick. The gnoll hits you but does no damage.
The gnoll hits you from afar with a +0 spear.
* * * LOW HITPOINT WARNING * * *
Something hits you.
* * * LOW HITPOINT WARNING * * *
It was a potion of lignification.
You turn into a tree.
Your +0 cloak melds into your body.
Your +2 pair of gloves of hurling melds into your body.
Your +2 ring mail of fire resistance melds into your body.
Your aim is not that steady anymore.
You feel less resistant to fire.
Your roots penetrate the ground.
You die...

##++## ####### .~≈~....#
#....#######.♣...# .~~~....#
+....'.....'.{...# .≈≈~....#
#....#######.gg..#+###≈~P...#
####''''#############...#≈≈....#
....................#ogg#≈~....#
~~≈~....~~~~~~≈~≈~≈~#####≈~....##
≈≈≈~....~≈≈≈~≈≈≈≈≈≈≈≈≈≈≈≈≈~....#.
~~~~....~~~~~≈≈~~~~≈≈~~~≈~~....#.
....†))..................P.....##


You could see 2 gnolls.

Vanquished Creatures
  The ghost of paavali the Insei, a novice OpSh (D:3)
  A kobold brigand (D:3)
  Crazy Yiuf (D:3)
  3 gnolls (D:3)
  2 adders
  A dart slug (D:3)
  11 orcs (D:3)
  9 bats
  4 endoplasms
  7 goblins
  6 hobgoblins
  4 jackals (D:3)
  12 kobolds
  6 quokkas
  6 ball pythons
  6 rats
80 creatures vanquished.

Vanquished Creatures (others)
  A kobold (D:3)
1 creature vanquished.

Grand Total: 81 creatures vanquished

Notes
Turn   | Place    | Note
-------+----------+-------------------------------------------
     0 | D:1      | Revguard the Hill Orc Fighter began the quest for the Orb.
     0 | D:1      | Reached XP level 1. HP: 19/19 MP: 1/1
    70 | D:1      | Reached XP level 2. HP: 23/27 MP: 2/2
   471 | D:1      | Reached XP level 3. HP: 33/33 MP: 3/3
   524 | D:1      | Reached skill level 4 in Fighting
   872 | D:2      | Reached skill level 1 in Invocations
  1266 | D:2      | Reached XP level 4. HP: 40/40 MP: 4/4
  1544 | D:3      | Found a faded altar of an unknown god.
  1621 | D:3      | Found Bummem's Assorted Antiques.
  1684 | D:3      | Found a runed translucent gate.
  1684 | D:3      | Found a runed translucent gate.
  1684 | D:3      | Found a runed translucent gate.
  1687 | D:3      | Noticed paavali's ghost (novice OpSh)
  1688 | D:3      | Noticed a kobold brigand
  1708 | D:3      | Killed paavali's ghost
  1709 | D:3      | Reached skill level 5 in Fighting
  1709 | D:3      | Reached skill level 1 in Dodging
  1709 | D:3      | Reached skill level 1 in Evocations
  1709 | D:3      | Reached XP level 5. HP: 11/48 MP: 6/6
  1709 | D:3      | Reached XP level 6. HP: 13/56 MP: 7/7
  1915 | D:3      | Bought a scroll labelled EHODDUTEYL for 26 gold pieces
  1915 | D:3      | Bought a smoky green potion for 23 gold pieces
  1979 | D:3      | Found a runed translucent door.
  1980 | D:3      | Noticed Crazy Yiuf
  1986 | D:3      | Killed Crazy Yiuf
  1987 | D:3      | Reached XP level 7. HP: 46/61 MP: 7/9
  2135 | D:3      | HP: 1/61 [something (3)]
  2136 | D:3      | Succumbed to an orc wizard's poison

Illustrated notes

Levels and vault maps discovered:
D:1:      dpeg_arrival_shrine, layout_basic, minmay_misc_feat_more_columns
D:2:      layout_basic, minmay_distorted
D:3:      lemuel_castle_with_subvaults [lemuel_castle_interior_original],
          layout_rooms, shapermc_ecumenical_altar_pompeii, serial_shops, shop,
          gammafunk_ghost_nasty_kobolds, nrook_loot_triangle,
          uniq_crazy_yiuf_cottage

Skill      XL: |  1  2  3  4 |
---------------+-------------+-----
Axes           | 3 4 |  4.3
Fighting       | 4 5 |  5.5
Invocations    | 1 2 |  2.8
Armour         | 4 |  4.2
Dodging        | 1 |  1.6
Shields        | 4 |  4.8
Evocations     | 1 |  1.9

Action                     |  1- 3 |  4- 6 |  7- 9 || total
---------------------------+-------+-------+-------++-------
  Melee: War axe           |   102 |    44 |    28 ||   174
  Evoke: Wand              |       |     1 |       ||     1
    Use: Potion            |       |     6 |     3 ||     9
   Stab: Invisible         |       |     5 |       ||     5
 Armour: Scale mail        |   106 |    26 |       ||   132
         Ring mail         |       |    26 |    38 ||    64
  Dodge: Dodged            |    51 |    26 |    30 ||   107
  Block: Buckler           |    24 |    12 |    14 ||    50

Table legend: (Time is in decaauts)
 A = Elapsed time spent in this place.
 B = Non-inter-level travel time spent in this place.
 C = Inter-level travel time spent in this place.
 D = Time resting spent in this place.
 E = Time spent auto-exploring this place.
 F = Levels seen in this place.
 G = Mean time per level.
                   A        B        C        D        E       F      G
               +--------+--------+--------+--------+--------+-----+--------+
         Total |   2203 |   2140 |     63 |      0 |   1506 |   3 |  734.3 |
       Dungeon |   2203 |   2140 |     63 |      0 |   1506 |   3 |  734.3 |
               +--------+--------+--------+--------+--------+-----+--------+

Top non-repeatable levels by time:
     D:1: 886 daAuts
     D:3: 708 daAuts
     D:2: 607 daAuts
